 Dungeon Crawl Stone Soup version 0.31-a0-636-ge1c0e020e0 (webtiles) character file.

Game seed: 4145197364791642305

863 rvierbuc the Slasher (level 7, 0/55 HPs)
             Began as a Demonspawn Chaos Knight on Aug 26, 2023.
             Was a Plaything of Xom.
             Slain by an orc warrior
             ... wielding a +0 glaive
              (8 damage)
             ... on level 6 of the Dungeon.
             The game lasted 00:23:01 (4471 turns).

rvierbuc the Slasher (Demonspawn Chaos Knight)      Turns: 4471, Time: 00:23:02

Health: 0/55       AC: 10    Str: 12    XL:     7   Next: 72%
Magic:  7/7        EV: 12    Int: 13    God:    Xom [..*...]
Gold:   257        SH:  0    Dex: 15    Spells: 6/6 levels left

rFire   + . .        a - +0 falchion (chaos)
rCold   x . .        (no shield)
rNeg    + . .        b - +2 leather armour
rPois   .            (helmet restricted)
rElec   .            r - +0 cloak
rCorr   +            w - +0 pair of gloves
SInv    .            (no boots)
Will    .....        (no amulet)
Stlth   ++           s - ring of Osheix {Fire rN+ rCorr}
HPRegen 0.29/turn    (no ring)
MPRegen 0.10/turn

%: no passive effects
@: no status effects
A: antennae 2, icy blue scales 2, powered by pain 1, talons 1, mutation
resistance 1
a: Renounce Religion


You were on level 6 of the Dungeon.
You worshipped Xom.
You were a toy of Xom.
You visited 1 branch of the dungeon, and saw 6 of its levels.

You collected 257 gold pieces.

Inventory:

Hand Weapons
 a - a +0 falchion of chaos (weapon)
 q - a +3 quarterstaff of chaos
 y - the +2 flail of a bazaar {elec, rElec Str-4 Int+6 Stlth+}
   (You found it on level 5 of the Dungeon)

   Str-4:     It affects your strength (-4).
   Int+6:     It affects your intelligence (+6).
   rElec:     It insulates you from electricity.
   Stlth+:    It makes you more stealthy.
Missiles
 m - 4 poisoned darts
Armour
 b - a +2 leather armour (worn)
 r - a +0 cloak (worn)
 w - a +0 pair of gloves (worn)
Magical Staves
 e - a staff of fire
 v - a staff of poison
Jewellery
 s - the ring of Osheix (left hand) {Fire rN+ rCorr}
   (Xom gifted it to you on level 4 of the Dungeon)

   [ring of fire]

   Fire:      It enhances your fire magic.
   rF+:       It protects you from fire.
   rC-:       It makes you vulnerable to cold.
   rN+:       It protects you from negative energy.
   rCorr:     It protects you from acid and corrosion.
 u - the amulet of the Sun {Acrobat rCorr Str+3}
   (You found it on level 4 of the Dungeon)

   [amulet of the acrobat]

   Acrobat:   It increases your evasion while moving and waiting.
   Str+3:     It affects your strength (+3).
   rCorr:     It protects you from acid and corrosion.
Talismans
 l - a talisman of death
Scrolls
 c - a scroll of butterflies
 d - a scroll of noise {unknown}
 f - a scroll of immolation {unknown}
 g - 3 scrolls of identify {unknown}
 i - 2 scrolls of fog {unknown}
 n - a scroll of enchant armour {unknown}
 p - a scroll of vulnerability {unknown}
 A - a scroll of enchant weapon {unknown}
Potions
 h - a potion of curing {unknown}
 j - 2 potions of enlightenment {unknown}
 k - 2 potions of heal wounds {unknown}
 o - a potion of attraction {unknown}
 x - a potion of haste {unknown}
 z - a potion of mutation {unknown}


   Skills:
 + Level 4.9 Fighting
 + Level 5.5 Long Blades
 + Level 0.7 Throwing
 + Level 3.2 Armour
 + Level 3.3 Dodging
 + Level 2.5 Stealth


You had 6 spell levels left.
You didn't know any spells.
Your spell library contained the following spells:

 Spells                   Type           Power      Damage    Failure   Level
 Dazzling Flash           Conj/Hex       0%         N/A       75%         3
 Volatile Blastmotes      Fire/Tloc      0%         2d10      75%         3
 Anguish                  Hex/Necr       0%         N/A       98%         4
 Cause Fear               Hex            0%         N/A       98%         4
 Starburst                Conj/Fire      0%         6d3       100%        6
 Enfeeble                 Hex            0%         N/A       100%        7
 Maxwell's Capacitive Co  Air            0%         ∞         100%        8


Dungeon Overview and Level Annotations

Branches:
Dungeon (6/15)
 Temple: D:4-7

Altars:
Nemelex Xobeh
Uskayaw
Vehumet
Wu Jian
Xom

Shops:
D:1 ?


Innate Abilities, Weirdness & Mutations

You have a pair of antennae on your head.
You are mostly covered in icy blue scales. (AC +3)
You sometimes gain a little power by taking damage.
You have sharp toenails.
You are somewhat resistant to further mutation.


Message History

You hit the orc wizard. Your kick misses the orc wizard.
The orc wizard is moderately wounded.
The orc wizard hits you but does no damage.
You hit the orc wizard. Your kick misses the orc wizard.
You punch the orc wizard.
The orc wizard is almost dead.
The orc wizard casts a spell.
The orc wizard flickers and vanishes!
Deactivating autopickup; reactivate with Ctrl-A.
The orc warrior hits you from afar with a +0 glaive!
You hit something.
The orc warrior hits you from afar with a +0 glaive.
Something hits you but does no damage.
You barely miss something.
You hear some strange, mumbled words.
Something tries to affect you, but you resist.
The orc warrior closely misses you.
You closely miss something. Your kick misses something. Something hits you.
The orc warrior hits you from afar with a +0 glaive!
You hit something.
Reactivating autopickup.
You feel a bit more experienced.
The orc warrior hits you but does no damage.
The orc warrior hits you with a +0 glaive.
Items here: )) [ †.
You closely miss the orc warrior. Your kick misses the orc warrior.
The orc warrior hits you with a +0 glaive.
* * * LOW HITPOINT WARNING * * *
Okay, then.
You hit the orc warrior.
The orc warrior is lightly wounded.
The orc warrior hits you with a +0 glaive!
* * * LOW HITPOINT WARNING * * *
Unknown command.
Okay, then.
You closely miss the orc warrior. Your kick misses the orc warrior.
The orc warrior is lightly wounded.
The orc warrior hits you with a +0 glaive!
You die...
Xom bursts into laughter!

#.........####...#####
+(........+...........
.........####...#####
o......######.### .....
#........# ...
#.####.#.# #'# #.#
##.#.# # #o# #.# #..#.#
# #@# #†# #.##.# #
#########.####.###.##.#
#
......................#
#
#######<....#.####.####
# ##...##.# #.# #
##.###.####.# # #.#
#......# # #.# ########
### #.# #..


You could see an orc warrior.

Vanquished Creatures
  Sigmund (D:2)
  A water moccasin (D:6)
  A phantom (D:6)
  A bullfrog (D:5)
  3 scorpions
  2 hounds (D:6)
  An orc priest (D:6)
  Crazy Yiuf (D:3)
  Jessica (D:2)
  A sleepcap (D:4)
  An orc wizard (D:6)
  Robin (D:2)
  2 adders
  An ufetubus (D:5)
  A dart slug (D:3)
  11 orcs
  7 endoplasms
  2 giant cockroaches
  10 goblins
  7 hobgoblins
  3 jackals (D:1)
  6 kobolds
  A quokka (D:1)
  4 ball pythons
  6 bats
  4 frilled lizards
  6 rats
86 creatures vanquished.

Vanquished Creatures (others)
  An orc (D:3)
1 creature vanquished.

Grand Total: 87 creatures vanquished

Notes
Turn   | Place    | Note
-------+----------+-------------------------------------------
     0 | D:1      | rvierbuc the Demonspawn Chaos Knight began the quest for
                  | the Orb.
     0 | D:1      | Reached XP level 1. HP: 18/18 MP: 1/1
    16 | D:1      | XOM: silly message
    92 | D:1      | Found Jaedd's Magic Scroll Shop.
   102 | D:1      | Reached skill level 1 in Dodging
   204 | D:1      | XOM: smoke on damage
   234 | D:1      | Reached skill level 3 in Long Blades
   245 | D:1      | Gained mutation: You are partially covered in icy blue
                  | scales. (AC +2) [demonic ancestry]
   245 | D:1      | Reached XP level 2. HP: 24/24 MP: 2/2
   802 | D:2      | Gained mutation: You have a pair of small antennae on your
                  | head. [demonic ancestry]
   802 | D:2      | Reached XP level 3. HP: 29/29 MP: 3/3
   833 | D:2      | Noticed Sigmund
   844 | D:2      | Killed Sigmund
   845 | D:2      | Reached skill level 4 in Long Blades
   845 | D:2      | Reached skill level 1 in Stealth
   845 | D:2      | Gained mutation: You sometimes gain a little power by
                  | taking damage. [demonic ancestry]
   845 | D:2      | Reached XP level 4. HP: 23/37 MP: 4/4
   845 | D:2      | Gained mutation: You are mostly covered in icy blue scales.
                  | (AC +3) [demonic ancestry]
   845 | D:2      | Reached XP level 5. HP: 26/42 MP: 5/5
   891 | D:2      | XOM: silly message
   957 | D:2      | Noticed Jessica
   972 | D:2      | Killed Jessica
  1123 | D:2      | Noticed Robin
  1164 | D:2      | Killed Robin
  1851 | D:3      | XOM: scenery: create altars
  1859 | D:3      | XOM: destruction
  1865 | D:3      | XOM: cast spell 'Chain of Chaos'
  1866 | D:3      | Gained mutation: You have a pair of antennae on your head.
                  | [demonic ancestry]
  1866 | D:3      | Reached XP level 6. HP: 33/48 MP: 6/6
  1994 | D:3      | Found a runed translucent door.
  1995 | D:3      | Noticed Crazy Yiuf
  2390 | D:3      | XOM: 1-stop teleportation journey
  2573 | D:3      | XOM: butterfly on damage
  2575 | D:3      | Killed Crazy Yiuf
  2671 | D:4      | XOM: 8-stop teleportation journey
  2715 | D:4      | Identified the ring of Osheix {Fire rN+ rCorr} (Xom gifted
                  | it to you on level 4 of the Dungeon)
  2715 | D:4      | XOM: god gift: ring of Osheix {Fire rN+ rCorr}
  2772 | D:4      | XOM: god gift: 2 curare-tipped darts
  2784 | D:4      | Found a radiant altar of Vehumet.
  2962 | D:4      | Found an ornate altar of the Wu Jian Council.
  3105 | D:4      | Identified the amulet of the Sun {Acrobat rCorr Str+3}
  3221 | D:4      | XOM: give mutations
  3221 | D:4      | Gained mutation: You have sharp toenails. [Xom's grace]
  3221 | D:4      | Gained mutation: You are somewhat resistant to further
                  | mutation. [Xom's grace]
  3727 | D:5      | Entered Level 5 of the Dungeon
  3951 | D:5      | Found a hide-covered altar of Uskayaw.
  3959 | D:5      | Identified the +2 flail of a bazaar {elec, rElec Str-4
                  | Int+6 Stlth+}
  3973 | D:5      | XOM: potion effect (invisibility)
  3975 | D:5      | a scorpion changed into a glowing shapeshifter
  3975 | D:5      | Noticed a glowing shapeshifter (glowing shapeshifter)
  3975 | D:5      | XOM: silly message
  3975 | D:5      | a glowing shapeshifter changed into an eye of devastation
  3975 | D:5      | Noticed an eye of devastation (glowing shapeshifter)
  3979 | D:5      | an eye of devastation changed into a two-headed ogre
  3979 | D:5      | Noticed a two-headed ogre (glowing shapeshifter)
  3983 | D:5      | a two-headed ogre changed into a deep troll
  3983 | D:5      | Noticed a deep troll (glowing shapeshifter)
  4179 | D:6      | Reached XP level 7. HP: 54/55 MP: 7/7
  4203 | D:6      | Found a sparkling altar of Nemelex Xobeh.
  4252 | D:6      | Reached skill level 5 in Long Blades
  4471 | D:6      | Slain by an orc warrior

Illustrated notes

Levels and vault maps discovered:
D:1:      lightli_arrival_lavapool, layout_basic, serial_shops, shop
D:2:      layout_loops_ring, basic_altar, uniq_sigmund, uniq_robin, uniq_jessica
D:3:      layout_basic, general_overflow_altar, glass_columns_a,
          minmay_misc_feat_plants, minivault_5, uniq_crazy_yiuf_cottage
D:4:      layout_loops_corners, lemuel_tele_altar, marbit_many_paths
D:5:      layout_gridville, eat_drink_and_be_merry_uskayaw,
          gammafunk_ghost_necromancy, minmay_misc_feat_tiny
D:6:      layout_loops_corners, kennysheep_slug_shrine,
          mainiacjoe_overflow_catch_the_wave, minmay_fire_ice_demons

Skill      XL: |  1  2  3  4  5  6  7 |
---------------+----------------------+-----
Dodging        | 1 2 3 |  3.3
Long Blades    | 3 4 5 |  5.5
Armour         | 2 3 |  3.2
Stealth        | 1 2 |  2.5
Fighting       | 4 |  4.9
Throwing       | |  0.7

Action                     |  1- 3 |  4- 6 |  7- 9 || total
---------------------------+-------+-------+-------++-------
  Melee: Falchion          |    85 |   182 |    30 ||   297
         Kick              |       |    20 |     6 ||    26
         Punch             |       |     4 |     1 ||     5
  Throw: Dart              |       |     5 |     6 ||    11
   Stab: Sleeping          |     1 |     2 |       ||     3
         Paralysed         |     2 |       |       ||     2
         Petrifying        |       |     2 |       ||     2
         Distracted        |       |     1 |       ||     1
         Invisible         |       |     1 |       ||     1
 Armour: Leather armour    |    47 |    66 |     9 ||   122
  Dodge: Dodged            |    83 |   115 |    15 ||   213

Table legend: (Time is in decaauts)
 A = Elapsed time spent in this place.
 B = Non-inter-level travel time spent in this place.
 C = Inter-level travel time spent in this place.
 D = Time resting spent in this place.
 E = Time spent auto-exploring this place.
 F = Levels seen in this place.
 G = Mean time per level.
                   A        B        C        D        E       F      G
               +--------+--------+--------+--------+--------+-----+--------+
         Total |   4500 |   4265 |    235 |    129 |   3376 |   6 |  750.0 |
       Dungeon |   4500 |   4265 |    235 |    129 |   3376 |   6 |  750.0 |
               +--------+--------+--------+--------+--------+-----+--------+

Top non-repeatable levels by time:
     D:4: 1117 daAuts
     D:3: 938 daAuts
     D:1: 852 daAuts
     D:2: 843 daAuts
     D:6: 486 daAuts
     D:5: 261 daAuts
